 Dungeon Crawl Stone Soup version 0.9.0-27-g8a39726 character file.

1969 Yermak the Transmogrifier (level 8, -1/29 HPs)
             Began as a Felid Transmuter on Feb 11, 2012.
             Was a Follower of Nemelex Xobeh.
             Slain by an armour mimic (7 damage)
             ... on Level 9 of the Dungeon.
             The game lasted 00:59:07 (12641 turns).

Yermak the Transmogrifier (Felid Transmuter)       Turns: 12641, Time: 00:59:08

HP  -1/29        AC  2     Str 11      XL: 8   Next: 51%
MP  19/24        EV 18     Int 16      God: Nemelex Xobeh [*.....]
Gold 490         SH  0     Dex 17      Spells:  6 memorised,  6 levels left
Lives: 0, deaths: 2

Res.Fire  : . . .   See Invis. : +     - Unarmed
Res.Cold  : . . .   Warding    : . . (armour unavailable)
Life Prot.: + . .   Conserve   : .   (shield unavailable)
Res.Acid. : . . .   Res.Corr.  : .   (helmet unavailable)
Res.Poison: .       Clarity    : .   (cloak unavailable)
Res.Elec. : .       Spirit.Shd : .   (gloves unavailable)
Sust.Abil.: . .     Stasis     : .   (boots unavailable)
Res.Mut.  : .       Ctrl.Telep.: .   o - amulet of controlled flight
Res.Rott. : .       Levitation : .   E - ring of wizardry
Saprovore : . . .   Ctrl.Flight: +   y - ring of life protection

@: blade paws, mighty, mildly poisoned, quick, somewhat resistant to hostile
enchantments, very unstealthy
A: paw claws, no armour, no advanced items, fangs 3, see invisible, breathe
flames 1, carnivore 3, speed 1, -10% hp, +10% mp, slow metabolism 2, AC +2
a: End Transformation, Draw One, Renounce Religion, Breathe Fire


You were on level 9 of the Dungeon.
You worshipped Nemelex Xobeh.
Nemelex Xobeh was most pleased with you.
You were not hungry.
Your front paws were blades.
You visited 2 branches of the dungeon, and saw 10 of its levels.

You collected 470 gold pieces.

Inventory:

Comestibles
 a - 4 meat rations
 p - a sausage
Scrolls
 g - 2 scrolls of recharging {unknown}
 h - 5 scrolls of blinking
 j - 4 scrolls of curse weapon {unknown}
 k - 3 scrolls of teleportation
 l - a scroll of summoning {unknown}
 m - a scroll of immolation {unknown}
 r - a scroll of fog
 s - 5 scrolls of remove curse
 u - 3 scrolls of fear {unknown}
 v - a scroll of magic mapping {unknown}
 B - 2 scrolls of enchant weapon II {unknown}
 C - a scroll of noise {unknown}
 F - a scroll of identify
Jewellery
 b - an uncursed amulet of inaccuracy
 c - an uncursed amulet of inaccuracy
 o - an amulet of controlled flight (around neck)
 y - a ring of life protection (left paw)
 D - an uncursed amulet of stasis
 E - a ring of wizardry (right paw)
Potions
 e - 9 potions of confusion
 f - 2 potions of poison
 q - 2 potions of healing
 t - 2 potions of mutation
 w - a potion of strong poison
 z - a potion of magic
 A - a potion of degeneration
 G - a potion of levitation
Books
 d - a book of Changes

   Spells                             Type                      Level
   *Fulsome Distillation              Transmutation/Necromancy     1
   Sticks to Snakes                   Transmutation                2
   *Evaporate                         Fire/Transmutation           2
   Spider Form                        Transmutation/Poison         3
   *Ice Form                          Ice/Transmutation            4
   *Blade Hands                       Transmutation                5
 i - a book of Spatial Translocations

   Spells                             Type                      Level
   *Apportation                       Translocation                1
   Portal Projectile                  Translocation                2
   *Blink                             Translocation                2
   Shroud of Golubria                 Charms/Translocation         2
   Teleport Other                     Translocation                3
   Passage of Golubria                Translocation                4
   Control Teleport                   Charms/Translocation         4


   Skills:
 - Level 1 Fighting
 - Level 3 Dodging
 - Level 1 Stealth
 + Level 2 Stabbing
 - Level 1 Traps & Doors
 + Level 3 Unarmed Combat
 + Level 7 Spellcasting
 - Level 1 Necromancy
 + Level 8 Transmutations
 - Level 1 Fire Magic
 - Level 1 Ice Magic
 * Level 4 Evocations


You had 6 spell levels left.
You knew the following spells:

 Your Spells              Type           Power        Success   Level  Hunger
a - Fulsome Distillation  Trmt/Necr      N/A          Great       1    None
b - Evaporate Fire/Trmt   ####......     Very         Good        2    None
c - Ice Form              Ice/Trmt       ####......   Fair        4    Honeycomb
d - Blink                 Tloc           N/A          Fair        2    None
e - Apportation           Tloc           #.........   Good        1    None
f - Blade Hands           Trmt           #####.....   Good        5    Honeycomb

Dungeon Overview and Level Annotations

Branches:
Dungeon (9/27)             Temple (1/1) D:7
    Orc: D:6-11        Lair: D:8-13

Altars:
Ashenzari
Cheibriados
Elyvilon
Fedhas
Kikubaaqudgha
Makhleb
Nemelex Xobeh
Okawaru
Sif Muna
The Shining One
Trog
Vehumet
Xom
Yredelemnul
Zin


Innate Abilities, Weirdness & Mutations

You cannot wear armour.
You are incapable of any advanced item manipulation.
Your paws have sharp claws.
You have razor-sharp teeth.
You have supernaturally acute eyesight.
You are carnivorous and can eat meat at any time.
You cover ground quickly.
You are covered in thick fur (AC +2).
You have a slow metabolism.
You can breathe flames.
You are frail (-10% HP).
You have an increased reservoir of magic (+10% MP).


Message History

Confirm with . or Enter, or press ? or * to list all spells.
Your front paws turn into razor-sharp scythe blades.
The armour mimic hits you. The armour mimic poisons you!
You are poisoned.
The armour mimic hits you. The armour mimic completely misses you.
You see here a whip.
You hit the armour mimic, but do no damage.
You bite the armour mimic.
The armour mimic is lightly damaged.
The armour mimic hits you! The armour mimic poisons you!
You are more poisoned.
The armour mimic barely misses you.
You hit the armour mimic, but do no damage.
You slash the armour mimic.
The armour mimic is lightly damaged.
The armour mimic completely misses you. The armour mimic hits you.
* * * LOW HITPOINT WARNING * * *
The armour mimic hits you!
You die...
Your body disappears without a glow.

########## #.(...
.........# #.....
########.# #.....
^..# #.# #.....
##.# #.# #.....
##.#####.###.....
.................
##.#####[###.....
##......@# #####.
.........# #.
##.......# #.
#.......# #.
#.......# #.
#.##.##.# #.
#.##.##.# #.
#.##.##.# #.
##.##.##.# #.


You could see an armour mimic.

Vanquished Creatures
  A giant toad (D:9)
  2 sky beasts (D:8)
  2 ice beasts
  An orc warrior (D:9)
  5 ogres
  A water moccasin (D:8)
  A big kobold (D:9)
  2 giant frogs
  The ghost of shrooms the Insei, a weakling DsMo (D:4)
  A big kobold zombie (D:9)
  A quasit (D:9)
  8 hounds
  2 imps
  A big kobold skeleton (D:9)
  6 orc priests
  5 orc wizards
  An iguana (D:5)
  4 worker ants
  2 jellies (D:8)
  8 snakes
  A giant mite (D:5)
  A snake skeleton (D:6)
  A snake zombie (D:9)
  A white imp (D:5)
  2 worms
  A giant eyeball (D:7)
  4 giant geckos
  An ooze (D:5)
  24 orcs
  18 bats
  4 giant cockroaches
  14 goblins
  17 hobgoblins
  11 jackals
  3 quokkas
  A small snake (D:1)
  A giant cockroach zombie (D:1)
  10 giant newts
  A giant spore (D:9)
  A jackal skeleton (D:4)
  23 kobolds
  A kobold zombie (D:1)
  An orc zombie (D:8)
  A quokka skeleton (D:6)
  15 rats
  2 ballistomycetes (D:9)
  A plant (D:2)
216 creatures vanquished.

Vanquished Creatures (collateral kills)
  An orc wizard (D:9)
  An orc (D:5)
  A kobold (D:6)
3 creatures vanquished.

Vanquished Creatures (others)
  A giant frog (D:7)
  A snake (D:9)
  2 kobolds
  A giant newt (D:7)
  A rat (D:5)
6 creatures vanquished.

Grand Total: 225 creatures vanquished

Notes
Turn   | Place    | Note
--------------------------------------------------------------
     0 | D:1      | Yermak, the Felid Transmuter, began the quest for the Orb.
     0 | D:1      | Reached XP level 1. HP: 9/9 MP: 2/2
     6 | D:1      | Noticed a kobold zombie
    10 | D:1      | Learned a level 1 spell: Fulsome Distillation
   147 | D:1      | Noticed a giant cockroach zombie
   173 | D:1      | Defeated a giant cockroach zombie
   185 | D:1      | Defeated a kobold zombie
   351 | D:1      | Reached XP level 2. HP: 5/12 MP: 4/4
   413 | D:1      | Reached skill level 1 in Stealth
   748 | D:1      | Learned a level 2 spell: Evaporate
  1223 | D:2      | Reached skill level 1 in Fighting
  1530 | D:2      | Reached XP level 3. HP: 10/15 MP: 6/6
  1674 | D:2      | Found a burning altar of Makhleb.
  2027 | D:3      | Found a shimmering altar of Xom.
  2433 | D:3      | Reached XP level 4. HP: 13/19 MP: 10/10
  2688 | D:4      | Noticed shrooms' ghost (weakling DsMo)
  2771 | D:3      | Learned a level 4 spell: Ice Form
  2833 | D:4      | Defeated shrooms' ghost
  2833 | D:4      | Reached skill level 1 in Stabbing
  2833 | D:4      | Reached skill level 4 in Transmutations
  3328 | D:4      | Reached skill level 1 in Traps & Doors
  3328 | D:4      | Reached skill level 1 in Necromancy
  3328 | D:4      | Reached XP level 5. HP: 20/22 MP: 7/11
  3446 | D:4      | Found a basalt altar of Yredelemnul.
  3613 | D:5      | Entered Level 5 of the Dungeon
  3613 | D:5      | Found a shimmering altar of Xom.
  3628 | D:5      | Reached skill level 5 in Transmutations
  3679 | D:5      | Gained mutation: You are covered in thick fur (AC +2).
  3679 | D:5      | Reached XP level 6. HP: 25/25 MP: 14/16
  3806 | D:5      | Learned a level 2 spell: Blink
  3809 | D:5      | Learned a level 1 spell: Apportation
  4755 | D:5      | HP: 1/25 [orc priest/divine providence (14)]
  4756 | D:5      | Gained mutation: You have an increased reservoir of magic (+10% MP).
  4756 | D:5      | Gained mutation: You are frail (-10% HP).
  4756 | D:5      | Gained mutation: You can breathe flames.
  5100 | D:5      | Reached skill level 1 in Fire Magic
  5123 | D:5      | HP: 2/22 [worm (10)]
  6107 | D:5      | Reached XP level 7. HP: 5/25 MP: 19/19
  6525 | D:5      | Reached skill level 6 in Transmutations
  6537 | D:5      | Reached skill level 5 in Spellcasting
  7643 | D:7      | Found a staircase to the Ecumenical Temple.
  7678 | Temple   | Entered the Ecumenical Temple
  7692 | Temple   | Became a worshipper of Nemelex Xobeh
  7880 | D:2      | Received a gift from Nemelex Xobeh
  8513 | D:7      | Acquired Nemelex Xobeh's first power
  9479 | D:5      | Reached skill level 1 in Ice Magic
  9611 | D:8      | Reached XP level 8. HP: 29/29 MP: 19/22
  9836 | D:8      | Reached skill level 7 in Transmutations
  9855 | D:8      | Learned a level 5 spell: Blade Hands
 10477 | D:8      | Reached skill level 1 in Evocations
 10911 | D:8      | Slain by a sky beast
 10912 | D:8      | Reached XP level 7. HP: 0/30 MP: 19/22
 11062 | D:8      | Reached XP level 8. HP: 15/29 MP: 20/23
 11355 | D:9      | Reached skill level 8 in Transmutations
 11947 | D:9      | HP: 1/34 [armour mimic (4)]
 12290 | D:9      | Slain by an ogre
 12291 | D:9      | Reached XP level 7. HP: -1/30 MP: 20/22
 12499 | D:9      | Reached XP level 8. HP: 29/29 MP: 17/23
 12641 | D:9      | Slain by an armour mimic
